 Dungeon Crawl Stone Soup version 0.29-a0-451-gfbfa42419e (webtiles) character file.

Game seed: 6108948319094781748

3682 Bruhh the Grappler (level 9, -6/93 HPs)
             Began as a Troll Gladiator on May 19, 2022.
             Mangled by a hornet (13 damage)
             ... on level 9 of the Dungeon.
             The game lasted 00:07:55 (6716 turns).

Bruhh the Grappler (Troll Gladiator)                Turns: 6716, Time: 00:07:56

Health: -6/93      AC:  5    Str: 24    XL:     9   Next: 90%
Magic:  8/8        EV: 10    Int:  8    God:
Gold:   519        SH:  0    Dex: 11    Spells: 8/8 levels left

rFire   + . .      SeeInvis .     - Unarmed
rCold   . . .      Faith    .   (no shield)
rNeg    + . .      Spirit   .   B - +0 robe {rN+}
rPois   .          Reflect  .   b - +0 hat
rElec   .          Harm     .   A - +0 cloak
rCorr   .          Rampage  .   (gloves unavailable)
Will    .....                   (boots unavailable)
Stlth   +.........              (no amulet)
HPRegen 1.05/turn               q - ring of protection from fire
MPRegen 0.11/turn               (no ring)

@: lethally poisoned (-6 -> -7), hasted and slowed
A: large, unfitting armour, claws 3, regeneration 1, shaggy fur 1, tough skin 1
a: no special abilities


You were on level 9 of the Dungeon.
You visited 2 branches of the dungeon, and saw 10 of its levels.

You collected 519 gold pieces.

Inventory:

Hand Weapons
 H - the +7 short sword "Awkiret" {protect, rF- rCorr MP+9}
   (You took it off an orc wizard on level 8 of the Dungeon)

   It grants its wielder temporary protection when it strikes (+7 to AC).
   rF:        It makes you vulnerable to fire.
   MP:        It affects your magic capacity (+9).
   rCorr:     It protects you from acid and corrosion.
Missiles
 c - 4 throwing nets (quivered)
 d - a large rock
Armour
 a - a +0 robe
 b - a +0 hat (worn)
 A - a +0 cloak (worn)
 B - a +0 robe of positive energy (worn)
Jewellery
 q - a ring of protection from fire (left claw)
Wands
 w - a wand of paralysis (5)
 C - a wand of mindburst (14)
 E - a wand of polymorph (9)
 F - a wand of iceblast (12)
 I - a wand of flame (15)
Scrolls
 h - 2 scrolls of fear {unknown}
 k - a scroll of immolation {unknown}
 l - 9 scrolls of teleportation {unknown}
 n - 4 scrolls of fog {unknown}
 o - 2 scrolls of amnesia {unknown}
 p - 3 scrolls of noise {unknown}
 r - 5 scrolls of identify {unknown}
 t - a scroll of torment {unknown}
 u - 2 scrolls of blinking {unknown}
 v - a scroll of magic mapping {unknown}
 x - 3 scrolls of poison {unknown}
 y - 2 scrolls of vulnerability {unknown}
 G - a scroll of enchant armour {unknown}
Potions
 f - a potion of invisibility {unknown}
 g - a potion of resistance {unknown}
 i - 2 potions of flight {unknown}
 j - a potion of curing
 m - 2 potions of attraction {unknown}
 s - 2 potions of heal wounds {unknown}
 z - a potion of lignification {unknown}
 D - a potion of might {unknown}


   Skills:
 + Level 7.1 Fighting
 - Level 1.7 Throwing
 - Level 2.4 Dodging
 - Level 12.0 Unarmed Combat


You had 8 spell levels left.
You didn't know any spells.
Your spell library contained the following spells:

 Spells                   Type           Power      Damage    Failure   Level
 Apportation              Tloc           0%         N/A       41%         1
 Necrotize                Necr           0%         1d4       41%         1
 Sandblast                Erth           0%         2d4       41%         1
 Summon Small Mammal      Summ           0%         N/A       41%         1
 Passwall                 Tmut/Erth      0%         N/A       54%         2
 Call Canine Familiar     Summ           0%         N/A       78%         3
 Stone Arrow              Conj/Erth      0%         3d7       78%         3
 Summon Guardian Golem    Hex/Summ       0%         N/A       78%         3


Dungeon Overview and Level Annotations

Branches:
Dungeon (9/15)             Temple (1/1) D:6
   Lair: D:8-11         Orc: D:9-12

Altars:
Dithmenos
Elyvilon
Fedhas
Gozag
Hepliaklqana
Nemelex Xobeh
Okawaru
Qazlal
Ru
Sif Muna
Trog
Uskayaw
Vehumet
Wu Jian
Xom
Yredelemnul
Zin
The Shining One

Shops:
D:5 *


Innate Abilities, Weirdness & Mutations

You are too large for most types of armour.
You have claws for hands.
Your natural rate of healing is unusually fast.
You are covered in fur. (AC +1)
You have tough skin. (AC +1)


Message History

You are poisoned.
You suddenly lose the ability to move!
The acid dragon spits acid at you. The splash of acid hits you!!
The hornet completely misses you.
You feel very sick. The hornet stings you.
You shrug off the repeated paralysis!
You feel very sick. The hornet stings you.
* * * LOW HITPOINT WARNING * * *
You feel as though you will be slow longer.
The hornet stings you!
* * * LOW HITPOINT WARNING * * *
You feel as though you will be slow longer.
You can move again.
Unknown command.
You feel better. The hornet barely misses you.
The steam dragon breathes steam at you. The ball of steam hits you. You resist.
* * * LOW HITPOINT WARNING * * *
The acid dragon barely misses you. The acid dragon claws you.
* * * LOW HITPOINT WARNING * * *
The hornet barely misses you.
The acid dragon bites you but does no damage.
The acid dragon barely misses you.
The steam dragon bites you but does no damage.
The steam dragon barely misses you. The hornet stings you!
* * * LOW HITPOINT WARNING * * *
You feel as though you will be slow longer.
Unknown command.
You feel better. The hornet misses you.
The hornet stings you but does no damage.
The hornet stings you!
* * * LOW HITPOINT WARNING * * *
You are poisoned.
You feel as though you will be slow longer.
You feel yourself speed up.
You feel very sick. The hornet barely misses you. The hornet stings you!
You die...

##.###.##
#.# ##.#.##
#.# ##.##
#.. #..#
#.. #.##
#.. #.#
#... #.#
#.# #@# #y#
#[DD...#
#.#.......#
#.#.##.##.#
# #.. .#
#.# # #.#
...


You could see a hornet, a steam dragon and an acid dragon.

Vanquished Creatures
  Pikel (D:7)
  Sigmund (D:5)
  Eustachio (D:6)
  Menkaure (D:4)
  3 water moccasins
  An orc warrior (D:6)
  2 ice beasts
  An ogre (D:4)
  3 centaurs
  A kobold brigand (D:9)
  Blork the orc (D:5)
  4 bullfrogs
  A necrophage (D:6)
  4 scorpions
  5 wights (D:7)
  A howler monkey (D:6)
  2 hounds
  6 orc priests
  A gnoll shaman (D:6)
  2 jellies
  Crazy Yiuf (D:7)
  Jessica (D:3)
  An iguana (D:5)
  7 orc wizards
  Robin (D:1)
  9 gnolls
  7 adders
  A shadow imp (D:7)
  3 white imps
  A worm (D:2)
  3 dart slugs
  27 orcs
  7 bats
  3 endoplasms
  2 giant cockroaches (D:1)
  9 goblins
  10 hobgoblins
  19 jackals
  11 kobolds
  5 quokkas
  9 ball pythons
  5 frilled lizards
  4 rats
188 creatures vanquished.

Notes
Turn   | Place    | Note
-------+----------+-------------------------------------------
     0 | D:1      | Bruhh the Troll Gladiator began the quest for the Orb.
     0 | D:1      | Reached XP level 1. HP: 19/19 MP: 0/0
    91 | D:1      | Reached XP level 2. HP: 27/27 MP: 1/1
   271 | D:1      | Reached skill level 4 in Unarmed Combat
   397 | D:1      | Reached XP level 3. HP: 28/33 MP: 2/2
   735 | D:2      | Noticed Robin
   776 | D:1      | Killed Robin
   790 | D:2      | Reached XP level 4. HP: 37/41 MP: 3/3
   820 | D:2      | Reached skill level 5 in Unarmed Combat
   901 | D:2      | Found a faded altar of an unknown god.
  1259 | D:3      | Noticed Jessica
  1266 | D:3      | Killed Jessica
  1267 | D:3      | Reached XP level 5. HP: 48/48 MP: 4/4
  1312 | D:3      | Reached skill level 6 in Unarmed Combat
  1527 | D:3      | Reached XP level 6. HP: 55/55 MP: 5/5
  2003 | D:4      | Reached skill level 7 in Unarmed Combat
  2127 | D:4      | Reached skill level 8 in Unarmed Combat
  2127 | D:4      | Reached XP level 7. HP: 47/62 MP: 6/6
  2144 | D:5      | Entered Level 5 of the Dungeon
  2332 | D:4      | Noticed Menkaure
  2343 | D:4      | Killed Menkaure
  2344 | D:4      | Reached skill level 9 in Unarmed Combat
  3175 | D:5      | Found a blossoming altar of Fedhas.
  3177 | D:5      | Found a glowing silver altar of Zin.
  3217 | D:5      | Noticed Blork the orc
  3223 | D:5      | Killed Blork the orc
  3265 | D:5      | Noticed Sigmund
  3274 | D:5      | Killed Sigmund
  3275 | D:5      | Reached skill level 10 in Unarmed Combat
  3275 | D:5      | Reached XP level 8. HP: 69/70 MP: 7/7
  3554 | D:5      | Found Weleukaf's Gadget Gallery.
  4170 | D:6      | Reached skill level 11 in Unarmed Combat
  4203 | D:6      | Found a staircase to the Ecumenical Temple.
  4219 | Temple   | Entered the Ecumenical Temple
  4403 | D:6      | Noticed Eustachio
  4420 | D:6      | Killed Eustachio
  4678 | D:6      | Reached skill level 12 in Unarmed Combat
  4691 | D:6      | Reached XP level 9. HP: 22/80 MP: 8/8
  5373 | D:7      | Reached skill level 5 in Fighting
  5407 | D:7      | Noticed Pikel
  5420 | D:7      | Killed Pikel
  5518 | D:7      | Found a runed translucent door.
  5519 | D:7      | Noticed Crazy Yiuf
  6087 | D:7      | Killed Crazy Yiuf
  6322 | D:8      | Identified the +7 short sword "Awkiret" {protect, rF- rCorr
                  | MP+9}
  6710 | D:9      | Paralysed by a hornet for 3 turns
  6716 | D:9      | Mangled by a hornet

Illustrated notes

Levels and vault maps discovered:
D:1:      minmay_arrival_hallway, layout_basic
D:2:      layout_rooms, ebering_ecumenical_altar_box, uniq_robin
D:3:      layout_basic, minmay_misc_feat_diagonals, uniq_jessica
D:4:      layout_basic, uniq_menkaure
D:5:      layout_loops_ring, chequers_temple_overflow_statue_of_worship,
          nicolae_shop_gadgets, uniq_sigmund, uniq_blork_the_orc
D:6:      layout_basic, minmay_temple_entry_grid, uniq_eustachio
D:7:      layout_loops_ring, uniq_pikel, uniq_crazy_yiuf_cottage
D:8:      layout_rooms
D:9:      layout_loops_cross, cheibrodos_ashenzari_chains,
          mainiacjoe_overflow_brackets, hellmonk_ghost_happy_afterlife,
          uniq_maurice
Temple:   regret_index_temple_sphere_string

Skill      XL: |  1  2  3  4  5  6  7  8  9 |
---------------+----------------------------+-----
Unarmed Combat | 4 5 6 8 10 12 | 12.0
Fighting       | 2 7 |  7.1
Throwing       | |  1.7
Dodging        | |  2.4

Action                   |  1- 3 |  4- 6 |  7- 9 || total
-------------------------+-------+-------+-------++-------
Melee: Unarmed           |   122 |   133 |   303 ||   558
       Punch             |     3 |     3 |    13 ||    19
  Use: Potion            |       |       |     6 ||     6
 Stab: Sleeping          |       |     1 |       ||     1
Armor: Robe              |    45 |    50 |    90 ||   185
Dodge: Dodged            |    71 |    70 |   155 ||   296

Table legend: (Time is in decaauts)
 A = Elapsed time spent in this place.
 B = Non-inter-level travel time spent in this place.
 C = Inter-level travel time spent in this place.
 D = Time resting spent in this place.
 E = Time spent auto-exploring this place.
 F = Levels seen in this place.
 G = Mean time per level.
                   A        B        C        D        E       F      G
               +--------+--------+--------+--------+--------+-----+--------+
         Total |   6623 |   6393 |    230 |    884 |   4313 |  10 |  662.3 |
       Dungeon |   6454 |   6230 |    224 |    884 |   4177 |   9 |  717.1 |
        Temple |    168 |    162 |      6 |      0 |    136 |   1 |  168.0 |
               +--------+--------+--------+--------+--------+-----+--------+

Top non-repeatable levels by time:
     D:7: 1393 daAuts
     D:3: 1239 daAuts
     D:5: 801 daAuts
     D:1: 751 daAuts
     D:6: 650 daAuts
     D:4: 627 daAuts
     D:2: 457 daAuts
     D:8: 454 daAuts
  Temple: 168 daAuts
     D:9: 78 daAuts
